 Dungeon Crawl Stone Soup version 0.20.1-1-g8b1a95d (webtiles) character file.

76 bobthegiant the Conjurer (level 4, 0/36 HPs)
             Began as a Deep Elf Conjurer on Dec 31, 2017.
             Succumbed to Ijyb's poison
             ... on level 3 of the Dungeon.
             The game lasted 00:12:21 (2384 turns).

bobthegiant the Conjurer (Deep Elf Conjurer)        Turns: 2384, Time: 00:12:21

Health: 0/36       AC: 22    Str:  4 (6)  XL:     4   Next: 12%
Magic:  1/10       EV:  2    Int: 18 (20) God:
Gold:   97         SH:  0    Dex: 12 (15) Spells: 2/9 levels left

rFire    . . .     SeeInvis .   f - +0 whip
rCold    . . .     Gourm    .   (no shield)
rNeg     + + +     Faith    .   (armour currently unavailable)
rPois    +         Spirit   .   (helmet currently unavailable)
rElec    .         Reflect  .   (cloak currently unavailable)
rCorr    .         Harm     .   (gloves currently unavailable)
MR       .....     NoTele   +   (boots currently unavailable)
Stlth    ++........             (no amulet)
Regen    0.2/turn               (no ring)
MPRegen  0.2/turn               (no ring)

@: lethally poisoned (0 -> -8), tree-form
A: no striking features
a: no special abilities


You were on level 3 of the Dungeon.
You were very hungry.
You were a tree.
You visited 1 branch of the dungeon, and saw 3 of its levels.

You collected 97 gold pieces.

Inventory:

Hand Weapons
 e - a +0 dagger
 f - a +0 whip (weapon)
Missiles
 r - 29 stones (quivered)
 v - 3 needles of sleeping
Armour
 a - a +0 robe (melded)
 o - a +0 pair of boots (melded)
 p - a +1 hat (melded)
Scrolls
 d - 2 scrolls of enchant armour {unknown}
 g - 2 scrolls of amnesia {unknown}
 h - 2 scrolls of identify {unknown}
 j - a scroll of noise {unknown}
 u - a scroll of fear {unknown}
 w - a scroll of enchant weapon {unknown}
 x - a scroll of magic mapping {unknown}
Potions
 i - a potion of haste {unknown}
 k - 3 potions of lignification
 m - a potion of mutation {unknown}
 q - a potion of agility {unknown}
 s - a potion of magic {unknown}
 z - a potion of brilliance {unknown}
Books
 b - a book of Conjurations

   Spells                             Type                      Level
   a - Magic Dart                     Conjuration                  1
   b - Searing Ray                    Conjuration                  2
   c - Dazzling Spray                 Conjuration/Hexes            3
   d - Fulminant Prism                Conjuration/Hexes            4
   e - Force Lance                    Conjuration/Translocation    4
   f - Iskenderun's Mystic Blast      Conjuration                  4
Comestibles
 c - a bread ration
 l - 2 royal jellies


   Skills:
 - Level 2.4 Dodging
 - Level 2.4 Stealth
 - Level 3.0 Spellcasting
 + Level 6.2 Conjurations


You had 2 spell levels left.
You knew the following spells:

 Your Spells              Type           Power        Failure   Level  Hunger
a - Magic Dart            Conj           ####         1%          1    None
b - Searing Ray           Conj           ####..       1%          2    ##.....
c - Iskenderun's Mystic   Conj           ####....     12%         4    ####...


Dungeon Overview and Level Annotations

Branches:
Dungeon (3/15)

Altars:

Annotations:
D:3 Ijyb


Message History

The mystic blast hits the orc.
You kill the orc!
You are feeling very hungry.
* * * LOW HITPOINT WARNING * * *
You feel sick. The orc wizard misses you.
It was a potion of lignification.
You turn into a tree.
Your +1 hat melds into your body.
Your +0 pair of boots melds into your body.
Your +0 robe melds into your body.
Your roots penetrate the ground.
* * * LOW HITPOINT WARNING * * *
You feel sick.
It was a potion of degeneration.
There was something very wrong with that liquid.
You feel weakened.
You feel dopey.
You feel clumsy.
* * * LOW HITPOINT WARNING * * *
You feel sick.
The orc wizard casts a spell.
The orc wizard blinks!
The orc hits you but does no damage.
It was a potion of flight.
Your roots keep you in place.
You die...

#.........#
#........######
#..............
#.............#
#..............
###.o.#.#####.#
#.....#... .# #
#########g#.#.#.###.#.##
#......♣o)(>............
####.####†#..o.†........
...#.#....#..#.##
#####.#.#.#...#
#.#[#.....# .....##.....
..... ....... .....
....... ##.... .......


You could see Ijyb, an orc wizard and an orc.

Vanquished Creatures
  3 adders (D:2)
  A worm (D:2)
  2 leopard geckos (D:2)
  2 orcs (D:3)
  3 giant cockroaches
  2 hobgoblins
  2 jackals (D:2)
  4 kobolds
  A quokka (D:2)
  10 bats
  2 frilled lizards (D:2)
  6 goblins
  3 rats
41 creatures vanquished.

Notes
Turn   | Place    | Note
-------+----------+-------------------------------------------
     0 | D:1      | bobthegiant the Deep Elf Conjurer began the quest for the Orb.
     0 | D:1      | Reached XP level 1. HP: 10/10 MP: 6/6
   368 | D:1      | Reached XP level 2. HP: 15/15 MP: 4/8
   412 | D:1      | Learned a level 2 spell: Searing Ray
   466 | D:1      | Reached skill level 5 in Conjurations
  1332 | D:2      | Reached XP level 3. HP: 19/19 MP: 7/9
  1978 | D:2      | Reached skill level 6 in Conjurations
  2007 | D:2      | Reached XP level 4. HP: 24/24 MP: 6/10
  2013 | D:2      | Learned a level 4 spell: Iskenderun's Mystic Blast
  2349 | D:3      | Noticed Ijyb
  2383 | D:3      | HP: 1/36 [poisoned by Ijyb]
  2384 | D:3      | Succumbed to Ijyb's poison

Skill      XL: |  1  2  3 |
---------------+----------+-----
Conjurations   | 5 6 |  6.2
Dodging        | |  2.4
Stealth        | |  2.4
Spellcasting   | |  3.0

Action                   |  1- 3 |  4- 6 || total
-------------------------+-------+-------++-------
Melee: Whip              |     4 |     1 ||     5
 Cast: Magic Dart        |    69 |     2 ||    71
       Searing Ray       |     2 |     1 ||     3
       Iskenderun's Myst |       |     3 ||     3
  Use: Potion            |       |     3 ||     3
  Eat: Chunk             |     3 |     1 ||     4
Armor: Robe              |     6 |     1 ||     7
       Skin              |       |     1 ||     1
Dodge: Dodged            |    11 |     5 ||    16
